 Dungeon Crawl Stone Soup version 0.26-a0-597-gb535b0901c (webtiles) character file.

Game seed: 4476879236215921763

10177 Lanoc the Fighter (level 11, -2/104 HPs)
             Began as a Black Draconian Earth Elementalist on Sept 13, 2020.
             Was a High Priest of Qazlal.
             Slain by a red ugly thing (9 damage)
             ... on level 10 of the Dungeon.
             The game lasted 00:20:10 (12218 turns).

Lanoc the Fighter (DrEE)                           Turns: 12218, Time: 00:20:11

Health: -2/104     AC:  7    Str: 10    XL:     11   Next: 32%
Magic:  14/14      EV: 18    Int: 19    God:    Qazlal [*****.]
Gold:   502        SH: 11    Dex: 12    Spells: 11/14 levels left

rFire    + . .     SeeInvis .   d - +2 short sword (flame)
rCold    + . .     Faith    +   x - +0 buckler (curse)
rNeg     . . .     Spirit   .   (armour unavailable)
rPois    .         Reflect  .   (helmet restricted)
rElec    +         Harm     .   u - scarf {rC+ rF+}
rCorr    .                      (no gloves)
MR       .....                  (no boots)
Stlth    +.........             t - amulet of faith
HPRegen  0.27/turn              a - +4 ring of slaying
MPRegen  0.14/turn              (no ring)

@: repel missiles
A: breathe lightning, unfitting armour, electricity resistance, cold-blooded, AC
+7
a: Breathe Lightning, Upheaval, Elemental Force, Disaster Area, Renounce
Religion


You were on level 10 of the Dungeon.
You worshipped Qazlal.
Qazlal was extremely pleased with you.
You visited 2 branches of the dungeon, and saw 12 of its levels.
You also visited: Sewer.

You collected 502 gold pieces.

Inventory:

Hand Weapons
 d - a +2 short sword of flaming (weapon)
Missiles
 b - 129 stones (quivered)
 E - a throwing net
Armour
 u - a scarf of resistance (worn)
 x - a cursed +0 buckler (worn)
Jewellery
 a - a +4 ring of slaying (left hand)
 t - an amulet of faith (around neck)
Wands
 y - a wand of acid (12)
 A - a wand of flame (32)
 B - a wand of paralysis (7)
 C - a wand of random effects (16)
 F - a wand of disintegration (9)
Scrolls
 c - a scroll of fear {unknown}
 j - 5 scrolls of teleportation
 l - 2 scrolls of amnesia {unknown}
 n - 3 scrolls of enchant weapon {unknown}
 o - 3 scrolls of magic mapping {unknown}
 q - 3 scrolls of immolation {unknown}
 r - a scroll of enchant armour {unknown}
 z - 3 scrolls of remove curse {unknown}
 D - a scroll of fog
 G - a scroll of identify
Potions
 e - 8 potions of might
 f - 3 potions of brilliance
 g - 2 potions of lignification
 h - 5 potions of stabbing
 i - a potion of mutation
 k - 2 potions of heal wounds
 m - 5 potions of curing
 p - 2 potions of ambrosia
 s - 2 potions of haste
 v - a potion of cancellation
 w - a potion of flight
 H - a potion of berserk rage {unknown}


   Skills:
 + Level 11.9 Fighting
 + Level 11.0 Dodging
 - Level 1.7 Stealth
 - Level 4.0 Shields
 - Level 2.0 Spellcasting
 - Level 1.0 Transmutations
 - Level 5.6 Earth Magic


You had 11 spell levels left.
You knew the following spells:

 Your Spells              Type           Power        Failure   Level
a - Sandblast             Erth           ###...       1%          1
b - Passwall              Tmut/Erth      ##......     6%          2

Your spell library contained the following spells:

 Spells                   Type           Power        Failure   Level
 Stone Arrow              Conj/Erth      ##....       16%         3
 Petrify                  Tmut/Erth      ##......     38%         4
 Lee's Rapid Deconstruct  Erth           ###.......   43%         5


Dungeon Overview and Level Annotations

Branches:
Dungeon (11/15)            Temple (1/1) D:5           Sewer (visited)
   Lair: D:8-11         Orc: D:9-12

Altars:
Ashenzari
Cheibriados
Dithmenos
Elyvilon
Fedhas
Gozag
Hepliaklqana
Kikubaaqudgha
Makhleb
Okawaru
Qazlal
Ru
Trog
Uskayaw
Vehumet
Wu Jian
Xom
Yredelemnul
The Shining One

Annotations:
D:2 Sigmund


Innate Abilities, Weirdness & Mutations

You can breathe wild blasts of lightning.
Your glossy black scales are hard. (AC +7)
You cannot fit into any form of body armour.
You are resistant to electric shocks. (rElec)
You are cold-blooded and may be slowed by cold attacks.


Message History

You kill the komodo dragon!
Qazlal accepts your kill.
Your life force feels restored.
The red ugly thing tentacle-slaps you!
You are engulfed in flames!
You resist.
* * * LOW HITPOINT WARNING * * *
You breathe a wild blast of lightning!
The orb of electricity explodes!
You hear a mighty clap of thunder!
The zap misses you.
The zap hits the red ugly thing.
The red ugly thing is heavily wounded.
The red ugly thing tentacle-slaps you!
* * * LOW HITPOINT WARNING * * *
You are engulfed in flames!
You resist.
* * * LOW HITPOINT WARNING * * *
You have got your breath back.
The red ugly thing is engulfed in blazing flames.
The red ugly thing is engulfed in blazing flames.
The red ugly thing tentacle-slaps you.
* * * LOW HITPOINT WARNING * * *
You are engulfed in flames!
You resist.
You die...

.................................
..########..####..######.........
..# #..# #..# #......... ..# #..#
#..# #......... ..# #..# #..#
#......... ..# #..# #..#
#.........
..########..####○.######.........
...............☼.○...............
...............u@................
..#####........#########.........
..# #.[....°.# #......... ..#
#........# #)........
..#####......o.# #.........
...............# #..#######
...............# #..#
..###########..# #..# ..# #..#
#..#


You could see a red ugly thing.

Vanquished Creatures
  2 two-headed ogres
  An unseen horror (D:10)
  Maggie (D:5)
  A komodo dragon (D:10)
  A troll (D:9)
  Grinder (D:6)
  2 hippogriffs
  5 yaks (D:10)
  3 water moccasins
  5 orc warriors
  2 ice beasts
  4 sky beasts
  A black bear (D:6)
  An eye of draining (D:7)
  2 phantoms
  8 centaurs
  4 ogres
  A crocodile (D:8)
  5 big kobolds
  3 bullfrogs
  A water moccasin skeleton (D:5)
  2 scorpions
  11 killer bees
  18 wights
  A centaur zombie (D:10)
  2 bullfrog zombies
  A quasit (D:9)
  12 orc priests
  3 jellies
  8 orc wizards
  2 centaur skeletons
  A gnoll shaman (D:9)
  5 hounds
  A bullfrog skeleton (D:4)
  6 worker ants
  3 iguanas
  A worker ant zombie (D:9)
  9 gnolls
  14 adders
  3 river rats (Sewer)
  A white imp (D:7)
  2 ufetubi
  2 oozes
  3 adder skeletons
  2 worms
  3 leopard geckos
  31 orcs
  9 ball pythons
  6 giant cockroaches
  3 goblins (D:1)
  6 hobgoblins
  11 jackals
  2 quokkas
  3 bats
  5 frilled lizards
  2 gnoll zombies (D:8)
  35 kobolds
  A quokka zombie (D:5)
  27 rats
311 creatures vanquished.

Vanquished Creatures (others)
  A wizard (D:3)
  An orc priest (D:7)
  An orc (D:7)
3 creatures vanquished.

Grand Total: 314 creatures vanquished

Notes
Turn   | Place    | Note
-------+----------+-------------------------------------------
     0 | D:1      | Lanoc the Draconian Earth Elementalist began the quest for
                  | the Orb.
     0 | D:1      | Reached XP level 1. HP: 14/14 MP: 3/3
   189 | D:1      | Reached XP level 2. HP: 20/20 MP: 0/5
  1106 | D:2      | Found a shadowy altar of Dithmenos.
  1188 | D:2      | Reached XP level 3. HP: 12/26 MP: 0/6
  1456 | D:2      | Noticed Sigmund
  1498 | D:3      | Noticed an ogre
  1510 | D:3      | Killed an ogre
  1510 | D:3      | Reached skill level 5 in Earth Magic
  1510 | D:3      | Reached XP level 4. HP: 33/33 MP: 2/7
  1510 | D:3      | Reached XP level 5. HP: 38/38 MP: 2/8
  1577 | D:3      | Found a glowing drain.
  1584 | Sewer    | Entered a sewer
  2068 | Sewer    | Reached XP level 6. HP: 31/45 MP: 9/9
  2075 | Sewer    | Learned a level 2 spell: Passwall
  2974 | D:3      | Found a bloodstained altar of Trog.
  3133 | D:3      | Noticed a wizard
  3135 | D:3      | Killed a wizard
  3721 | D:4      | Your scales start taking on a glossy black colour.
  3721 | D:4      | Reduced skill Earth Magic to level 5
  3721 | D:4      | Reached XP level 7. HP: 36/50 MP: 10/10
  3721 | D:4      | Gained mutation: You are resistant to electric shocks.
                  | (rElec) [Black Draconian growth]
  3935 | D:5      | Entered Level 5 of the Dungeon
  3945 | D:5      | Reached skill level 1 in Fighting
  3991 | D:5      | Found a staircase to the Ecumenical Temple.
  4014 | Temple   | Entered the Ecumenical Temple
  4335 | Temple   | Became a worshipper of Qazlal Stormbringer
  4621 | D:5      | Reached skill level 5 in Dodging
  4686 | D:5      | Reached XP level 8. HP: 9/66 MP: 2/11
  5187 | D:5      | Found an iron altar of Okawaru.
  5334 | D:6      | Reached * piety under Qazlal
  5334 | D:6      | Reached skill level 1 in Shields
  5524 | D:6      | Noticed Maggie
  5528 | D:6      | Noticed Grinder
  5624 | D:5      | Killed Maggie
  5624 | D:5      | Reached skill level 5 in Fighting
  5725 | D:6      | Killed Grinder
  5998 | D:6      | Reached XP level 9. HP: 75/75 MP: 9/12
  6036 | D:6      | Found a hazy altar of Hepliaklqana.
  6112 | D:6      | Found a shimmering altar of Xom.
  6191 | D:6      | Found a shimmering altar of Xom.
  6191 | D:6      | Found a shimmering altar of Xom.
  6192 | D:6      | Found a shimmering altar of Xom.
  6192 | D:6      | Found a shimmering altar of Xom.
  6192 | D:6      | Found a shimmering altar of Xom.
  6192 | D:6      | Found a shimmering altar of Xom.
  6192 | D:6      | Found a shimmering altar of Xom.
  6192 | D:6      | Found a shimmering altar of Xom.
  6193 | D:6      | Found a shimmering altar of Xom.
  6409 | D:7      | Reached ** piety under Qazlal
  7372 | D:8      | Reached *** piety under Qazlal
  7419 | D:8      | Noticed a two-headed ogre
  7440 | D:8      | Killed a two-headed ogre
  7440 | D:8      | Reached XP level 10. HP: 31/91 MP: 0/13
  7965 | D:8      | Found a bloodstained altar of Trog.
  7968 | D:8      | Found a burning altar of Makhleb.
  7996 | D:8      | Found an ancient bone altar of Kikubaaqudgha.
  8071 | D:8      | Found an opulent altar of Gozag.
  8205 | D:8      | Found a blossoming altar of Fedhas.
  8716 | D:8      | Found a basalt altar of Yredelemnul.
  9083 | D:9      | Noticed a two-headed ogre
  9092 | D:9      | Killed a two-headed ogre
  9092 | D:9      | Reached **** piety under Qazlal
  9092 | D:9      | Reached skill level 10 in Fighting
  9471 | D:9      | Reached skill level 10 in Dodging
 10441 | D:10     | Entered Level 10 of the Dungeon
 10850 | D:10     | Reached ***** piety under Qazlal
 10879 | D:9      | Reached XP level 11. HP: 45/102 MP: 14/14
 11478 | D:10     | Killed an unseen horror
 12074 | D:11     | Noticed a red ugly thing
 12218 | D:10     | Slain by a red ugly thing

Illustrated notes

Levels and vault maps discovered:
D:1:      dpeg_cavernosity, layout_loops_ring
D:2:      layout_loops_corners, nicolae_overflow_crystal_walls,
          nicolae_dithmenos_shadow_blocks, lemuel_blue_sif_altar,
          nemelex_xobeh_ov_fountains_minmay, minmay_goblin_kobold_house,
          uniq_sigmund
D:3:      layout_basic, portal_sewer_entry_e, trog_wizard
D:4:      layout_rooms
D:5:      layout_rooms, overflow_temple_1_default,
          minmay_temple_entry_sparse_star
D:6:      layout_cave_pools, lemuel_round_altar, old_standard_altar,
          xom_redecorated, uniq_maggie, uniq_grinder
D:7:      layout_rooms
D:8:      layout_basic, lemuel_zombie_altar_yredelemnul,
          grunt_temple_overflow_cloverleaf, fedhas_bush_and_centaur_altar
D:9:      layout_basic
D:10:     layout_small_grid
D:11:     layout_stronghold, lair_entry_dummy, serial_shops,
          nicolae_shop_window_shopping
Temple:   compressed_dpeg_triangle_lava_temple

Skill      XL: |  1  2  3  4  5  6  7  8  9 10 11 |
---------------+----------------------------------+-----
Dodging        | 2 3 4 5 6 8 10 11 | 11.0
Earth Magic    | 5 5 |  5.6
Fighting       | 4 6 9 11 | 11.9
Shields        | 3 4 |  4.0
Stealth        | |  1.7
Spellcasting   | |  2.0
Transmutations | |  1.0

Action                   |  1- 3 |  4- 6 |  7- 9 | 10-12 || total
-------------------------+-------+-------+-------+-------++-------
Melee: Unarmed           |    15 |       |       |       ||    15
       Tailslap          |     1 |    12 |    18 |    23 ||    54
       Short sword       |    40 |   125 |   122 |   205 ||   492
 Cast: Sandblast         |    24 |    35 |   143 |   117 ||   319
 Abil: Breathe Lightning |       |       |    15 |    19 ||    34
  Use: Potion            |     1 |       |     6 |     1 ||     8
       Scroll            |     2 |       |     6 |     2 ||    10
 Stab: Sleeping          |     3 |     4 |       |       ||     7
Armor: Skin              |    17 |    40 |    54 |    65 ||   176
Dodge: Dodged            |    36 |    98 |   131 |   217 ||   482
Block: Buckler           |       |       |    59 |   200 ||   259

Table legend: (Time is in decaauts)
 A = Elapsed time spent in this place.
 B = Non-inter-level travel time spent in this place.
 C = Inter-level travel time spent in this place.
 D = Time resting spent in this place.
 E = Time spent auto-exploring this place.
 F = Levels seen in this place.
 G = Mean time per level.
                   A        B        C        D        E       F      G
               +--------+--------+--------+--------+--------+-----+--------+
         Total |  12285 |  12043 |    242 |   1120 |   8771 |  13 |  945.0 |
       Dungeon |  10841 |  10599 |    242 |   1120 |   7604 |  11 |  985.5 |
        Temple |    328 |    328 |      0 |      0 |    266 |   1 |  328.0 |
         Sewer |   1114 |   1114 |      0 |      0 |    901 |   1 | 1114.0 |
               +--------+--------+--------+--------+--------+-----+--------+

Top non-repeatable levels by time:
     D:9: 2020 daAuts
     D:8: 2001 daAuts
     D:5: 1227 daAuts
   Sewer: 1114 daAuts
    D:10: 1104 daAuts
     D:1: 1097 daAuts
     D:6: 821 daAuts
     D:3: 777 daAuts
     D:7: 770 daAuts
     D:4: 610 daAuts
     D:2: 364 daAuts
  Temple: 328 daAuts
    D:11: 47 daAuts
